 Dungeon Crawl Stone Soup version 0.28.0-53-g5a82cb258f (webtiles) character file.

Game seed: 16201872359550423658

21 RevDB the Vexing (level 3, 19/20 HPs)
             Began as a Kobold Arcane Marksman on July 1, 2022.
             Quit the game on level 1 of the Dungeon on July 2, 2022.
             The game lasted 00:04:41 (368 turns).

RevDB the Vexing (Kobold Arcane Marksman)            Turns: 368, Time: 00:04:41

Health: 19/20      AC:  3    Str:  7    XL:     3   Next: 2%
Magic:  5/5        EV: 14    Int: 14    God:
Gold:   38         SH:  0    Dex: 17    Spells: 3/4 levels left

rFire   . . .      SeeInvis .   b - +0 dagger
rCold   . . .      Faith    .   (no shield)
rNeg    . . .      Spirit   .   e - +0 leather armour
rPois   .          Reflect  .   (no helmet)
rElec   .          Harm     .   (no cloak)
rCorr   .          Rampage  .   (no gloves)
Will    .....                   (no boots)
Stlth   +++.......              (no amulet)
HPRegen 0.06/turn               (no ring)
MPRegen 0.09/turn               (no ring)

@: no status effects
A: small, no large weapons, nightstalker 3
a: no special abilities


You were on level 1 of the Dungeon.
You visited 1 branch of the dungeon, and saw 2 of its levels.

You collected 38 gold pieces.

Inventory:

Hand Weapons
 a - a +0 hand crossbow
 b - a +0 dagger (weapon)
Missiles
 c - 15 bolts
Armour
 d - a +0 robe
 e - a +0 leather armour (worn)
Scrolls
 f - a scroll of holy word {unknown}
 g - a scroll of noise {unknown}


   Skills:
 - Level 1.4 Fighting
 + Level 2.8 Crossbows
 - Level 2.7 Dodging
 * Level 1.2 Stealth
 - Level 1.4 Spellcasting
 - Level 3.1 Hexes


You had 3 spell levels left.
You knew the following spells:

 Your Spells              Type           Power      Damage    Failure   Level
a - Slow                  Hex            36%        N/A       11%         1

Your spell library contained the following spells:

 Spells                   Type           Power      Damage    Failure   Level
 Inner Flame              Hex/Fire       5%         N/A       52%         3
 Portal Projectile        Hex/Tloc       10%        N/A       52%         3
 Cause Fear               Hex            4%         N/A       71%         4


Dungeon Overview and Level Annotations

Branches:
Dungeon (2/15)

Altars:


Innate Abilities, Weirdness & Mutations

You are small and have problems with some larger weapons.
You are completely attuned to the shadows.


Message History

The helpless dart slug fails to defend itself.
You hit the dart slug.
The dart slug is heavily wounded.
You hit the dart slug but do no damage.
The dart slug is heavily wounded.
The dart slug launches a dart at you. The slug dart misses you.
You hit the dart slug.
The dart slug is severely wounded.
The dart slug barely misses you.
You hit the dart slug.
The dart slug is almost dead.
The dart slug launches a dart at you. The slug dart hits you.
You hit the dart slug.
You kill the dart slug!
Your Stealth skill increases to level 1!
g - a scroll labelled UGROMU HAUPEM The bat misses you.
You hit the bat.
The bat is heavily wounded.
The bat closely misses you. The bat hits you but does no damage.
You closely miss the bat.
The bat is heavily wounded.
The bat barely misses you. The bat hits you.
You hit the bat.
You kill the bat!
You have reached level 3!
Your experience leads to an increase in your attributes!
Increase (S)trength, (I)ntelligence, or (D)exterity?
You feel agile. x2
Found a scroll labelled TOYBBU TIOWOA.
A hobgoblin comes into view.
Unknown command.
Saving game... please wait.
Welcome back, RevDB the Kobold Arcane Marksman.
Press ? for a list of commands and other information.
Are you sure you want to abandon this character and quit the game? (Confirm with "yes".)

#.# #.#
#.# #.#
#.# #.# #
#.# ..
####.#..#
....@....
.........
.......?.
.........
......g..


You could see a hobgoblin (asleep).

Vanquished Creatures
  A dart slug (D:1)
  4 ball pythons (D:1)
  2 giant cockroaches (D:1)
  A goblin (D:1)
  2 hobgoblins (D:1)
  A quokka (D:1)
  3 bats (D:1)
  A frilled lizard (D:1)
  3 rats (D:1)
18 creatures vanquished.

Notes
Turn   | Place    | Note
-------+----------+-------------------------------------------
     0 | D:1      | RevDB the Kobold Arcane Marksman began the quest for the
                  | Orb.
     0 | D:1      | Reached XP level 1. HP: 12/12 MP: 2/2
   104 | D:1      | Reached XP level 2. HP: 13/16 MP: 3/3
   316 | D:1      | Reached skill level 1 in Stealth
   330 | D:1      | Reached XP level 3. HP: 16/20 MP: 5/5
   368 | D:1      | Quit the game

Illustrated notes

Levels and vault maps discovered:
D:1:      dpeg_arrival_orchard, layout_basic,
          shapermc_ecumenical_altar_flowoftime
D:2:      layout_rooms

Skill      XL: |  1  2 |
---------------+-------+-----
Stealth        | 1 |  1.2
Fighting       | |  1.4
Crossbows      | |  2.8
Dodging        | |  2.7
Spellcasting   | |  1.4
Hexes          | |  3.1

Action                   || total
-------------------------++-------
Melee: Unarmed           ||     2
       Dagger            ||    11
 Fire: Hand crossbow     ||    32
 Stab: Sleeping          ||     3
Armor: Leather armour    ||    26
Dodge: Dodged            ||    59
